 Dungeon Crawl Stone Soup version 0.23.2-1-ga50397a6bc (webtiles) character file.

Game seed: 1366983406570931308

394 Morbidden the Ruffian (level 6, -1/55 HPs)
             Began as a Naga Transmuter on May 5, 2019.
             Slain by an orc
             ... wielding a cursed -2 flail
              (8 damage)
             ... on level 3 of the Dungeon.
             The game lasted 00:07:01 (4900 turns).

Morbidden the Ruffian (Naga Transmuter)             Turns: 4900, Time: 00:07:02

Health: -1/55      AC:  3    Str: 14    XL:     6   Next: 81%
Magic:  9/9        EV: 10    Int: 13    God:
Gold:   158        SH:  0    Dex: 12    Spells: 8/9 levels left

rFire    . . .     SeeInvis +     - Unarmed
rCold    . . .     Gourm    .   (no shield)
rNeg     . . .     Faith    .   b - +0 robe
rPois    +         Spirit   .   (no helmet)
rElec    .         Reflect  .   (no cloak)
rCorr    .         Harm     .   (no gloves)
MR       .....                  (no barding)
Stlth    ++........             (no amulet)
HPRegen  0.18/turn              (no ring)
MPRegen  0.11/turn              (no ring)

@: hasted, quick
A: large, see invisible, deformed body, poison resistance, slowness 2, slow
metabolism 1, spit poison 1, AC +2
a: Spit Poison


You were on level 3 of the Dungeon.
You were hungry.

You visited 1 branch of the dungeon, and saw 3 of its levels.

You collected 158 gold pieces.

Inventory:

Missiles
 a - 33 arrows
Armour
 b - a +0 robe (worn)
 p - a +0 cloak
Wands
 o - a wand of flame (31)
Scrolls
 c - 4 scrolls of teleportation
 e - 2 scrolls of remove curse {unknown}
 g - 3 scrolls of immolation
 h - a scroll of fog {unknown}
 n - a scroll of fear {unknown}
 r - a scroll of enchant armour {unknown}
Potions
 i - a potion of agility
 j - 2 potions of flight
 k - a potion of degeneration {unknown}
Comestibles
 d - 6 rations


   Skills:
 * Level 2.9 Fighting
 + Level 2.5 Dodging
 + Level 1.8 Stealth
 * Level 5.6 Unarmed Combat
 + Level 2.2 Spellcasting
 * Level 2.8 Transmutations


You had 8 spell levels left.
You knew the following spells:

 Your Spells              Type           Power        Failure   Level  Hunger
a - Beastly Appendage     Tmut           #.....       8%          1    ##.....

Your spell library contained the following spells:

 Spells                   Type           Power        Failure   Level  Hunger
 Sticks to Snakes         Tmut           #.......     12%         2    ###....
 Spider Form              Tmut/Pois      #.........   38%         3    ####...
 Ice Form                 Ice/Tmut       #.......     80%         4    #####..
 Blade Hands              Tmut           #.........   91%         5    ######.


Dungeon Overview and Level Annotations

Branches:
Dungeon (3/15)

Altars:
The Shining One


Innate Abilities, Weirdness & Mutations

You cannot wear boots.
Your serpentine skin is tough. (AC +2)
You have supernaturally acute eyesight. (SInv)
Armour fits poorly on your strangely shaped body.
Your system is resistant to poisons. (rPois)
You cover ground very slowly.
You have a slow metabolism.
You can spit poison.


Message History

The orc priest is heavily wounded.
The orc barely misses you.
The orc priest invokes the aid of Beogh against you.
Beogh smites you!
* * * LOW HITPOINT WARNING * * *
Unknown command.
Unknown command.
You feel better. The orc completely misses you.
The orc priest barely misses you.
Unknown command.
You feel yourself speed up.
The orc hits you with a cursed -2 flail.
* * * LOW HITPOINT WARNING * * *
Unknown command.
You punch the orc priest!
You kill the orc priest!
Your horns disappear.
You are feeling hungry.
The orc hits you with a cursed -2 flail!
You die...

###### .....#
..>..#############
.................#
.....###########.#
###### ########.#
......[o@#
...#...#l#
.......).#
...#...### .......
#######


You could see an orc and a leopard gecko.

Vanquished Creatures
  Purgy (D:3)
  Crazy Yiuf (D:2)
  An orc priest (D:3)
  Jessica (D:2)
  2 orc wizards (D:3)
  4 gnolls
  5 adders
  An ooze (D:3)
  3 worms
  5 dart slugs
  2 leopard geckos
  3 orcs
  4 giant cockroaches
  5 goblins
  3 hobgoblins
  2 quokkas
  7 bats
  5 frilled lizards
  9 kobolds
  6 rats
70 creatures vanquished.

Notes
Turn   | Place    | Note
-------+----------+-------------------------------------------
     0 | D:1      | Morbidden the Naga Transmuter began the quest for the Orb.
     0 | D:1      | Reached XP level 1. HP: 18/18 MP: 3/3
   119 | D:1      | Reached XP level 2. HP: 21/25 MP: 5/5
  1057 | D:1      | Reached XP level 3. HP: 26/31 MP: 6/6
  1692 | D:2      | Reached skill level 4 in Unarmed Combat
  1909 | D:2      | Noticed Jessica
  1918 | D:2      | Killed Jessica
  1918 | D:2      | Reached XP level 4. HP: 37/38 MP: 5/7
  2055 | D:2      | Found a glowing golden altar of the Shining One.
  2243 | D:2      | Found a runed translucent door.
  2244 | D:2      | Noticed Crazy Yiuf
  3022 | D:2      | Killed Crazy Yiuf
  3022 | D:2      | Reached XP level 5. HP: 36/45 MP: 8/8
  4023 | D:2      | Reached skill level 5 in Unarmed Combat
  4249 | D:3      | Reached skill level 1 in Stealth
  4506 | D:3      | Reached XP level 6. HP: 55/55 MP: 9/9
  4608 | D:3      | Noticed Purgy
  4634 | D:3      | Killed Purgy
  4900 | D:3      | Slain by an orc

Skill      XL: |  1  2  3  4  5 |
---------------+----------------+-----
Unarmed Combat | 4 5 |  5.6
Dodging        | 2 |  2.5
Fighting       | 2 |  2.9
Stealth        | 1 |  1.8
Spellcasting   | |  2.2
Transmutations | |  2.8

Action                   |  1- 3 |  4- 6 || total
-------------------------+-------+-------++-------
Melee: Unarmed           |    67 |   135 ||   202
       Punch             |       |     4 ||     4
       Headbutt          |       |     6 ||     6
 Cast: Beastly Appendage |     1 |     5 ||     6
 Abil: Spit Poison       |    18 |    32 ||    50
  Use: Potion            |       |     4 ||     4
       Scroll            |       |     6 ||     6
  Eat: Chunk             |     2 |    10 ||    12
Armor: Robe              |     7 |    43 ||    50
       Skin              |       |    31 ||    31
Dodge: Dodged            |    36 |    82 ||   118
